 Dungeon Crawl Stone Soup version 0.23-a0-419-g0174fd8 (console) character file.

532 bli the Insei (level 7, -9/44 HPs)
             Began as an Octopode Transmuter on Nov 11, 2018.
             Mangled by an orc warrior
             ... wielding a +0 trident
              (17 damage)
             ... on level 4 of the Dungeon.
             The game lasted 00:20:55 (3690 turns).

bli the Insei (Octopode Transmuter)                 Turns: 3690, Time: 00:20:56

Health: -9/44      AC:  1    Str: 13    XL:     7   Next: 24%
Magic:  5/10       EV: 14    Int: 16    God:
Gold:   197        SH:  0    Dex: 13    Spells: 7/11 levels left

rFire    . . .     SeeInvis .   p - +0 blowgun
rCold    . . .     Gourm    .   (no shield)
rNeg     . . .     Faith    .   (helmet restricted)
rPois    .         Spirit   .   n - amulet of regeneration
rElec    .         Reflect  .   f - ring of flight
rCorr    .         Harm     .   u - +3 ring of strength
MR       .....                  (no ring)
Stlth    ++........             (no ring)
HPRegen  0.54/turn              (no ring)
MPRegen  0.12/turn              (no ring)
                                (no ring)
                                (no ring)

@: very slightly contaminated
A: almost no armour, stealthy swim, amphibious, 8 rings, constrict 8, camouflage
1, gelatinous body 1
a: Evoke Flight


You were on level 4 of the Dungeon.
You were not hungry.

You visited 1 branch of the dungeon, and saw 4 of its levels.

You collected 197 gold pieces.

Inventory:

Hand Weapons
 m - a +2 dagger of venom
 p - a +0 blowgun (weapon)
 s - a +3 dagger of chaos
Missiles
 a - 31 arrows
 j - 105 stones
 q - 11 poisoned needles (quivered)
 w - 50 sling bullets
Magical Staves
 b - an uncursed staff of wizardry
Jewellery
 f - a ring of flight (left tentacle)
 n - an amulet of regeneration (around mantle)
 u - a +3 ring of strength (right tentacle)
 x - an uncursed amulet of the acrobat {unknown}
Wands
 v - a wand of paralysis (7)
Scrolls
 d - 3 scrolls of remove curse
 e - a scroll of magic mapping {unknown}
 h - a scroll of blinking {unknown}
 k - 3 scrolls of identify {unknown}
 o - 4 scrolls of teleportation {unknown}
 r - a scroll of amnesia {unknown}
Potions
 g - a potion of lignification {unknown}
 i - 2 potions of curing {unknown}
 l - 3 potions of haste {unknown}
 t - 2 potions of magic {unknown}
 z - a potion of flight {unknown}
Comestibles
 c - 7 rations
 A - 5 chunks of flesh


   Skills:
 * Level 1.7 Fighting
 + Level 2.8 Dodging
 + Level 7.0 Unarmed Combat
 + Level 2.6 Spellcasting
 + Level 2.7 Transmutations
 * Level 0.6 Poison Magic


You had 7 spell levels left.
You knew the following spells:

 Your Spells              Type           Power        Failure   Level  Hunger
a - Beastly Appendage     Tmut           ##....       6%          1    #......
s - Spider Form           Tmut/Pois      #.........   28%         3    ###....

Your spell library contained the following spells:

 Spells                   Type           Power        Failure   Level  Hunger
 Sticks to Snakes         Tmut           ##......     10%         2    ##.....
 Ice Form                 Ice/Tmut       #.......     73%         4    #####..
 Blade Hands              Tmut           ##........   87%         5    ######.


Dungeon Overview and Level Annotations

Branches:
Dungeon (4/15)
 Temple: D:4-7

Altars:
Fedhas
Makhleb
Xom


Innate Abilities, Weirdness & Mutations

You cannot wear most types of armour.
You are very stealthy in the water. (Stealth+)
You are amphibious.
You can wear up to eight rings at the same time.
You can use your tentacles to constrict eight enemies at once.
Your skin changes colour to match your surroundings (Stealth+).
Your rubbery body absorbs attacks. (AC +1, EV +1)


Message History

You kill the orc priest!
The orc warrior hits you but does no damage.
You hit the orc warrior but do no damage.
The orc warrior looks as sick as possible!
The orc warrior is heavily wounded.
Your transformation has ended.
Your +0 blowgun unmelds from your body.
The orc warrior hits you with a +0 trident!!
* * * LOW HITPOINT WARNING * * *
Really attack while wielding your +0 blowgun? [Y]es or [N]o only, please.
Really attack while wielding your +0 blowgun?
Okay, then.
Casting: Spider Form (safe; 28% risk of failure)
Confirm with . or Enter, or press ? or * to list all spells.
You miscast Spider Form.
You are very lightly contaminated with residual magic.
Your skin glows momentarily.
The orc warrior hits you with a +0 trident!
You die...

..........)......### ###..##
####.....##.(......# #..### #
##...)###..(.....# #..#
#.....##.........# #.##
##........####...## #.#
##........## ##.)# #.#
#........## #..# #.# ........##
#..# #.# .>#.....# #..# #.#
.#.....## #o.#######.# ......##
##@.........# ###
....###########........######.#
.#### ##....#......##### ##..##
. ##...........## #..## .
###...#######..# ##.## #
#....## #..# ##.## #.#.## #..#
##.## ##### ##..# ###.##
########...###..##
##..............##
#..#######......#


You could see an orc warrior.

Vanquished Creatures
  A phantom (D:4)
  A scorpion (D:4)
  A howler monkey (D:3)
  A crimson imp (D:3)
  A hound (D:4)
  An orc priest (D:4)
  Jessica (D:2)
  4 worker ants
  4 adders
  An ooze (D:1)
  3 dart slugs (D:2)
  A leopard gecko (D:2)
  7 orcs
  6 giant cockroaches
  9 goblins
  3 hobgoblins
  12 jackals
  11 kobolds
  3 quokkas
  2 ball pythons (D:1)
  8 bats
  8 frilled lizards
  5 rats
94 creatures vanquished.

Notes
Turn   | Place    | Note
-------+----------+-------------------------------------------
     0 | D:1      | bli the Octopode Transmuter began the quest for the Orb.
     0 | D:1      | Reached XP level 1. HP: 13/13 MP: 3/3
   183 | D:1      | Reached XP level 2. HP: 18/18 MP: 0/5
   504 | D:1      | Reached skill level 4 in Unarmed Combat
   596 | D:1      | Reached XP level 3. HP: 15/23 MP: 4/6
   613 | D:1      | Learned a level 3 spell: Spider Form
  1363 | D:2      | Found a blossoming altar of Fedhas.
  1598 | D:2      | Reached XP level 4. HP: 23/28 MP: 5/7
  1765 | D:2      | Noticed Jessica
  1768 | D:2      | Killed Jessica
  1768 | D:2      | Reached skill level 5 in Unarmed Combat
  2051 | D:3      | Reached XP level 5. HP: 31/33 MP: 4/8
  2151 | D:3      | Found a burning altar of Makhleb.
  2153 | D:3      | Found a shimmering altar of Xom.
  2359 | D:3      | Reached skill level 6 in Unarmed Combat
  2667 | D:3      | Reached XP level 6. HP: 34/38 MP: 7/9
  3011 | D:4      | Noticed a phantom
  3074 | D:4      | Killed a phantom
  3074 | D:4      | Reached XP level 7. HP: 32/43 MP: 8/10
  3470 | D:3      | Reached skill level 7 in Unarmed Combat
  3690 | D:4      | Mangled by an orc warrior

Vault maps used:
D:1:      sevenhm_arrival_forest_fort_small_4
D:2:      lemuel_crystal_altar, uniq_jessica
D:3:      wad_pebble_path, grunt_temple_overflow_champion_of_chaos
D:4:      first_ration, hex_medium

Skill      XL: |  1  2  3  4  5  6  7 |
---------------+----------------------+-----
Unarmed Combat | 4 5 6 7 |  7.0
Fighting       | |  1.7
Dodging        | |  2.8
Spellcasting   | |  2.6
Transmutations | |  2.7
Poison Magic   | |  0.6

Action                   |  1- 3 |  4- 6 |  7- 9 || total
-------------------------+-------+-------+-------++-------
Melee: Unarmed           |    90 |    92 |    17 ||   199
       Constrict         |    28 |    22 |     4 ||    54
       Kick              |     5 |    25 |     1 ||    31
       Punch             |     1 |     2 |       ||     3
       Tentacles         |     9 |    17 |     1 ||    27
       Staff             |       |    26 |       ||    26
 Fire: Blowgun           |       |     6 |     4 ||    10
Throw: Stone             |       |    15 |    12 ||    27
 Cast: Beastly Appendage |    13 |    24 |     3 ||    40
       Spider Form       |       |     1 |     1 ||     2
  Use: Scroll            |       |     1 |       ||     1
 Stab: Sleeping          |     5 |     3 |       ||     8
  Eat: Chunk             |     2 |     6 |     2 ||    10
Armor: Skin              |     8 |     7 |     1 ||    16
Dodge: Dodged            |    46 |    79 |    15 ||   140

Table legend:
 A = Non-vault XP
 B = Vault XP
 C = Vault XP percentage of total XP
 D = Non-vault monster count
 E = Vault monster count
 F = Vault count percentage of total count
                 A         B        C        D         E       F
            +---------+---------+-------+---------+---------+-------
      Total |     674 |      87 |  11.4 |      92 |       2 |   2.1
            +---------+---------+-------+---------+---------+-------
        D:1 |      46 |       0 |   0.0 |      25 |       0 |   0.0
        D:2 |      73 |      37 |  33.6 |      28 |       1 |   3.4
        D:3 |     190 |      50 |  20.8 |      24 |       1 |   4.0
        D:4 |     365 |       0 |   0.0 |      15 |       0 |   0.0
            +---------+---------+-------+---------+---------+-------
